 Dungeon Crawl Stone Soup version 0.31.0-1-g2c135a008e (webtiles) character file.

Game seed: 11872375635659007071

578 qw the Shooter (level 7, -8/52 HPs)
             Began as a Djinni Hunter on Jan 24, 2024.
             Killed from afar by Dowan (10 damage)
             ... with a shard of ice
             ... on level 5 of the Dungeon.
             The game lasted 00:00:12 (3402 turns).

qw the Shooter (Djinni Hunter)                      Turns: 3402, Time: 00:00:12

Health: -8/52      AC:  5    Str: 10    XL:     7   Next: 62%
Gold:   157        EV: 11    Int: 10    God:
                   SH:  0    Dex: 19

rFire   + + .        a - +2 shortbow (drain)
rCold   x . .        (shield currently unavailable)
rNeg    . . .        i - +0 ring mail
rPois   inf          (no helmet)
rElec   .            (no cloak)
rCorr   .            (no gloves)
SInv    .            (boots unavailable)
Will    .....        (no amulet)
Stlth   +            (no ring)
HPRegen 0.28/turn    (no ring)
MPRegen 0.00/turn

%: infuse magic (-9 HP)
@: flying
A: sickness immunity, fire resistance 2, cold vulnerability 1, float, innate
caster, HP casting, extra vitality 1
a: no special abilities


You were on level 5 of the Dungeon.
You visited 1 branch of the dungeon, and saw 5 of its levels.
You also visited: Ossuary.

You collected 157 gold pieces.


Innate Abilities, Weirdness & Mutations

You are immune to sickness and miasma.
You are immune to poison.
Your flesh is very heat resistant. (rF++)
You are vulnerable to cold. (rC-)
You float through the air rather than walking.
You learn spells naturally, not from books.
Your magical power is your life essence.
You have superior vitality. (+4 MHP)


   Skills:
 - Level 4.0 Fighting
 - Level 6.1 Ranged Weapons
 - Level 1.1 Armour
 + Level 3.3 Dodging
 - Level 0.7 Stealth


You knew the following spells:

 Your Spells              Type           Power      Damage    Failure   Level
a - Sandblast             Erth           0%         2d4       67%         1
b - Scorch                Fire           0%         2d5       82%         2
c - Teleport Other        Tloc           0%         N/A       96%         3
Your spell library was empty.

Inventory:

Hand Weapons
 a - a +2 shortbow of draining (weapon)
Armour
 i - a +0 ring mail (worn)
Potions
 b - a potion of curing
 c - a potion of magic {unknown}
 e - a potion of heal wounds {unknown}
 f - a potion of degeneration {unknown}
 h - a potion of mutation {unknown}

Dungeon Overview and Level Annotations

Branches:
Dungeon (5/15)            Ossuary (visited)
 Temple: D:4-7

Altars:
Trog

Annotations:
D:4 1 runed translucent door, Crazy Yiuf
D:5 Dowan


Message History

Duvessa gestures with her weapon.
Duvessa hits you with a +0 short sword. Dowan hits you with a +0 dagger.
You shoot an arrow. The arrow hits Duvessa.
Duvessa is heavily wounded.
Duvessa hits you with a +0 short sword. Dowan completely misses you.
Duvessa closely misses you.
Dowan says, "My weaknesses are her strengths!"
Dowan hits you with a +0 dagger.
You shoot an arrow.
The arrow hits Duvessa but does no damage.
Duvessa is heavily wounded.
Duvessa completely misses you.
Dowan gestures wildly while chanting.
Dowan blinks!
You shoot an arrow. The arrow hits Duvessa.
Duvessa is severely wounded.
Duvessa misses you.
You shoot an arrow. The arrow barely misses Duvessa.
Duvessa hits you with a +0 short sword.
You shoot an arrow. The arrow barely misses Duvessa.
Duvessa gestures with her weapon.
Duvessa hits you with a +0 short sword.
Dowan says, "Where the sword fails, magic succeeds!"
Duvessa hits you with a +0 short sword. Dowan hits you with a +0 dagger.
You shoot an arrow. The arrow hits Duvessa!
You drain Duvessa.
You kill Duvessa!
Dowan screams, "No!
No!"
Dowan seems to find hidden reserves of power!
Dowan casts a spell at you. The shard of ice hits you!!
You feel a painful chill! Dowan barely misses you.
Your Ranged Weapons skill increases to level 6!
You shoot an arrow. The arrow barely misses Dowan.
Dowan barely misses you. Dowan casts a spell at you. The stone arrow hits you.
You shoot an arrow. The arrow hits Dowan.
Dowan is lightly wounded.
Dowan casts a spell at you. The shard of ice hits you!
You feel a painful chill!
You die...

#.....#.......#
#.....#..%..###
.#
#######......##
.# #....#..# .#
#.#####.# .#
#.# #.# .# #.#
#.###.# #.
#...#e###
###.@)..#
###.#..... .#
##. .# .# .# .#
.#


You could see Dowan (fast).

Vanquished Creatures
  Duvessa (D:5)
  A black bear (D:4)
  A phantom (D:4)
  3 hounds (D:4)
  An iguana (D:5)
  2 scorpion zombies (Ossuary)
  2 mummies (Ossuary)
  4 adders
  2 ribbon worms
  4 dart slugs
  10 orcs
  3 endoplasms
  3 giant cockroaches
  6 hobgoblins
  2 jackals (D:3)
  4 quokkas
  6 ball pythons
  5 bats
  4 frilled lizards
  A gnoll zombie (Ossuary)
  2 goblins
  5 kobolds
  2 kobold zombies (Ossuary)
  7 rats
81 creatures vanquished.

Notes
Turn   | Place    | Note
-------+----------+-------------------------------------------
     0 | D:1      | qw the Djinni Hunter began the quest for the Orb.
     0 | D:1      | Reached XP level 1. HP: 18/18 MP: 0/0
     0 | D:1      | 0 ||| qw: Version: 0.3-a-136-gdd3b4e8
     0 | D:1      | 0 ||| qw: Game counter: 1294
     0 | D:1      | 0 ||| qw: Melee chars always use a shield: true
     0 | D:1      | 0 ||| qw: God list: Okawaru
     0 | D:1      | 0 ||| qw: Allow faded altars: false
     0 | D:1      | 0 ||| qw: Do Orc after clearing Dungeon:15 true
     0 | D:1      | 0 ||| qw: Do second Lair branch before Depths: true
     0 | D:1      | 0 ||| qw: Lair rune preference: random
     0 | D:1      | 0 ||| qw: Goals: Normal
     0 | D:1      | 0 ||| PLANNING D:1-11
   154 | D:1      | Reached XP level 2. HP: 23/23 MP: 0/0
   480 | D:1      | Reached skill level 4 in Ranged Weapons
   480 | D:1      | Reached XP level 3. HP: 28/28 MP: 0/0
   480 | D:1      | Learned a level 1 spell: Sandblast
   652 | D:1      | Found a faded altar of an unknown god.
   679 | D:1      | 679 ||| UPGRADING to +0 ring mail.
   689 | D:1      | 689 ||| DROPPING +0 leather armour.
   690 | D:1      | 690 ||| READING scroll labelled HAHOFI SUONKIO.
   691 | D:1      | 691 ||| READING scroll labelled POTSEWN JEOT.
   692 | D:1      | 692 ||| READING 3 scrolls labelled MUIT VIFIUZI.
   693 | D:1      | 693 ||| DROPPING scroll of butterflies.
   694 | D:1      | 694 ||| DROPPING 2 scrolls of blinking.
   794 | D:2      | Reached skill level 1 in Armour
   816 | D:2      | Reached XP level 4. HP: 33/34 MP: 0/0
   958 | D:2      | Reached skill level 3 in Fighting
   963 | D:2      | HP: 8/35 [orc/+0 mace (5)]
   970 | D:2      | HP: 2/35 [kobold/+0 short sword (3)]
  1454 | D:2      | 1454 ||| READING scroll labelled DIDIUPT INOPN.
  1454 | D:2      | 1454 ||| ENCHANTING +0 shortbow.
  1455 | D:2      | 1455 ||| READING scroll labelled ICWOESO VOZXOFF.
  1556 | D:2      | 1556 ||| READING scroll labelled CUUTOG XAPO.
  1556 | D:2      | 1556 ||| IDENTIFYING viscous green potion
  1557 | D:2      | 1557 ||| DROPPING potion of berserk rage.
  2009 | D:3      | 2009 ||| READING scroll of identify.
  2009 | D:3      | 2009 ||| IDENTIFYING smoky purple potion
  2049 | D:4      | 2049 ||| PLANNING OSSUARY
  2095 | D:4      | Reached XP level 5. HP: 39/40 MP: 0/0
  2095 | D:4      | Learned a level 2 spell: Scorch
  2146 | D:4      | 2146 ||| READING scroll of enchant weapon.
  2146 | D:4      | 2146 ||| ENCHANTING +1 shortbow.
  2160 | D:4      | Found a bloodstained altar of Trog.
  2318 | D:4      | Found a sand-covered staircase.
  2328 | Ossuary  | Entered an ossuary
  2331 | Ossuary  | 2331 ||| RETREEEEATING.
  2332 | Ossuary  | 2332 ||| RETREEEEATING.
  2333 | Ossuary  | 2333 ||| RETREEEEATING.
  2343 | Ossuary  | HP: 2/40 [mummy (14)]
  2353 | Ossuary  | Reached skill level 5 in Ranged Weapons
  2521 | Ossuary  | Reached XP level 6. HP: 36/46 MP: 0/0
  2572 | D:4      | 2572 ||| PLANNING D:1-11
  2594 | D:4      | Reached skill level 3 in Dodging
  2626 | D:4      | Found a runed translucent door.
  2627 | D:4      | Noticed Crazy Yiuf
  2712 | D:4      | Noticed a black bear
  2718 | D:4      | Killed a black bear
  2825 | D:4      | Reached XP level 7. HP: 31/52 MP: 0/0
  2825 | D:4      | Learned a level 3 spell: Teleport Other
  3211 | D:4      | 3211 ||| READING scroll labelled LUCSO FAUBIR.
  3211 | D:4      | 3211 ||| BRANDING +2 shortbow.
  3259 | D:5      | Entered Level 5 of the Dungeon
  3388 | D:5      | Noticed Duvessa
  3388 | D:5      | Noticed Dowan
  3400 | D:5      | Killed Duvessa
  3400 | D:5      | HP: 3/52 [Dowan/shard of ice (18)]
  3401 | D:5      | Reached skill level 6 in Ranged Weapons
  3401 | D:5      | HP: 1/52 [Dowan/stone arrow (2)]
  3402 | D:5      | Killed from afar by Dowan

Levels and vault maps discovered:
D:1:      dpeg_arrival_castle, layout_loops_ring,
          dilly_ecumenical_altar_fadedgnrine, minmay_misc_feat_pillars
D:2:      layout_basic
D:3:      layout_basic
D:4:      layout_basic, trog_three_pillars_becter, nicolae_ossuary_entry_ruins,
          nicolae_tricolors, uniq_crazy_yiuf_cottage
D:5:      layout_basic, minmay_temple_entry_glass, ebering_ghost_inner_flame,
          uniq_duvessa, uniq_edmund

Skill      XL: |  1  2  3  4  5  6  7 |
---------------+----------------------+-----
Ranged Weapons | 4 5 6 |  6.1
Armour         | 1 |  1.1
Fighting       | 3 4 |  4.0
Dodging        | 3 |  3.3
Stealth        | |  0.7

Action                     |  1- 3 |  4- 6 |  7- 9 || total
---------------------------+-------+-------+-------++-------
   Fire: Shortbow          |    82 |   188 |    33 ||   303
    Use: Scroll            |     3 |     5 |     1 ||     9
 Armour: Leather armour    |     5 |       |       ||     5
         Ring mail         |    12 |    76 |    22 ||   110
  Dodge: Dodged            |    10 |    92 |    13 ||   115

Table legend:
 A = Non-vault XP
 B = Vault XP
 C = Vault XP percentage of total XP
 D = Non-vault monster count
 E = Vault monster count
 F = Vault count percentage of total count
                 A         B        C        D         E       F
            +---------+---------+-------+---------+---------+-------
      Total |     569 |     257 |  31.1 |      73 |       8 |   9.9
            +---------+---------+-------+---------+---------+-------
        D:1 |      35 |       0 |   0.0 |      23 |       0 |   0.0
        D:2 |      72 |       0 |   0.0 |      18 |       0 |   0.0
        D:3 |      31 |       0 |   0.0 |      14 |       0 |   0.0
        D:4 |     377 |       0 |   0.0 |      14 |       0 |   0.0
        D:5 |      54 |     147 |  73.1 |       4 |       1 |  20.0
    Ossuary |       0 |     110 | 100.0 |       0 |       7 | 100.0
            +---------+---------+-------+---------+---------+-------
